Map: Jagannatha LE

Players

CrysisCore

  • Race: Protoss Protoss
  • League: Master
  • Spawn Location: 1:00

ViBE - Winner!

  • Race: Zerg Zerg
  • League: Platinum
  • Spawn Location: 7:00

VOD

Have the link to the VOD?

Description

Time

  • Played on: March 26, 2021, 10:26 p.m.
  • Length: 18:17
Show
View Real Time Build Order
Export as new Build Order

CrysisCore Protoss 

Build Orders: 1 Gate Expand 

Get SALT Encoding   

  12  0:00  Probe  
  13  0:12  Probe  
  14  0:21  Pylon  
  14  0:26  Probe  
  15  0:39  Probe (Chrono Boost)  
  16  0:47  Gateway  
  16  0:49  Probe (Chrono Boost)  
  17  0:54  Probe (Chrono Boost)  
  18  1:03  Assimilator  
  18  1:09  Probe (Chrono Boost)  
  20  1:18  Probe (Chrono Boost)  
  20  1:27  Probe  
  20  1:31  Nexus  
  22  1:45  Cybernetics Core  
  21  1:53  Probe  
  22  1:57  Pylon  
  22  2:00  Assimilator  
  22  2:05  Probe  
  22  2:08  Pylon  
  23  2:23  Warp Gate (Chrono Boost)  
  23  2:35  Gateway, Zealot  
  25  2:46  Probe x2  
  27  2:58  Probe, Robotics Facility  
  28  3:01  Stalker (Chrono Boost)  
  30  3:09  Probe (Chrono Boost)  
  30  3:10  Probe (Chrono Boost)  
  34  3:20  Probe (Chrono Boost)  
  34  3:21  Assimilator  
  34  3:22  Probe (Chrono Boost)  
  34  3:26  Probe (Chrono Boost)  
  34  3:28  Pylon  
  35  3:38  Probe x2  
  37  3:49  Immortal  
  37  3:50  Gateway  
  37  3:51  Gateway  
  37  3:54  Probe  
  42  4:10  Gateway  
  42  4:12  Pylon  
  42  4:19  Probe (Chrono Boost)  
  42  4:22  Probe (Chrono Boost)  
  44  4:25  Assimilator  
  44  4:27  Pylon  
  44  4:29  Probe (Chrono Boost)  
  46  4:32  Probe (Chrono Boost)  
  46  4:33  Sentry x2  
  46  4:34  Probe (Chrono Boost)  
  51  4:41  Probe, Pylon  
  51  4:45  Immortal (Chrono Boost), Sentry  
  54  4:46  Sentry  
  60  4:54  Probe  
  61  5:03  Sentry  
  61  5:04  Stalker  
  65  5:15  Probe x2  
  65  5:16  Warp Prism (Chrono Boost)  
  69  5:23  Stalker x3  
  75  5:38  Stalker x2  
  79  5:56  Observer (Chrono Boost)  
  80  6:14  Zealot x2  
  80  6:15  Zealot  
  80  6:57  Zealot x2  
  80  6:58  Zealot x2  
  82  7:04  Immortal (Chrono Boost)  
  70  7:16  Zealot  
  66  7:24  Stalker x4  
  62  7:36  Immortal (Chrono Boost)  
  62  7:37  Zealot  
  64  7:58  Pylon  
  64  7:59  Pylon  
  64  8:01  Nexus  
  64  8:03  Assimilator  
  64  8:05  Assimilator  
  64  8:07  Twilight Council, Immortal (Chrono Boost)  
  64  8:08  Pylon  
  64  8:12  Pylon  
  68  8:16  Gateway x2  
  68  8:19  Gateway  
  68  8:24  Pylon  
  68  8:50  Probe x2  
  70  8:58  Sentry x4  
  70  9:02  Probe  
  79  9:04  Probe, Charge (Chrono Boost)  
  80  9:10  Immortal  
  80  9:14  Probe  
  80  9:16  Templar Archives, Probe  
  86  9:20  Robotics Bay  
  86  9:23  Pylon  
  86  9:26  Probe, Gateway, Pylon  
  86  9:27  Gateway  
  86  9:29  Gateway  
  86  9:30  Gateway  
  87  9:32  Pylon  
  87  9:35  Pylon  
  87  9:45  Probe x2 (Chrono Boost)  
  90  9:47  Probe (Chrono Boost)  
  90  9:55  Probe x2 (Chrono Boost)  
  90  9:56  Probe (Chrono Boost)  
  90  9:58  Psionic Storm, Robotics Facility  
  93  10:01  High Templar x7  
  107  10:07  Archon x3  
  107  10:12  Zealot  
  109  10:32  Zealot x2  
  109  10:33  Zealot x4  
  114  10:46  High Templar x3  
  114  10:47  High Templar x2  
  118  10:50  Zealot  
  120  11:01  Colossus  
  126  11:18  Pylon  
  126  11:20  Pylon  
  126  11:22  Pylon  
  126  11:23  Pylon  
  126  11:39  Probe x3  
  129  11:48  Zealot x4  
  129  11:49  Zealot x7  
  129  11:51  Probe x3  
  129  11:54  Nexus  
  154  11:55  Pylon  
  154  12:14  Zealot x2  
  154  12:15  Zealot  
  160  12:16  Zealot x4  
  160  12:17  Zealot x2  
  154  12:47  High Templar x4  
  154  12:48  High Templar x3  
  154  12:49  High Templar  
  154  12:50  Zealot x4  
  178  12:53  Archon x3  
  178  12:54  Archon  
  178  12:55  Colossus (Chrono Boost)  
  178  12:56  Colossus (Chrono Boost)  
  190  13:10  Assimilator  
  184  13:13  Assimilator  
  132  13:33  Colossus x2 (Chrono Boost)  
  140  13:43  Zealot x2  
  140  13:44  Zealot x7  
  140  13:45  Zealot x3  
  164  14:01  Extended Thermal Lance (Chrono Boost)  
  164  14:13  Forge  
  164  14:16  Observer x2  
  164  14:17  Forge  
  164  14:20  Pylon  
  164  14:21  Probe x4, Pylon  
  170  14:25  High Templar x5  
  180  14:32  Archon  
  180  14:33  Probe x3  
  180  14:34  Probe  
  154  15:11  Zealot x6  
  154  15:12  Zealot x5  
  154  15:13  Zealot  
  144  15:48  Sentry x3  
  144  15:49  Sentry x6  
  134  16:15  Zealot x7  
  134  16:16  Zealot x4  
  136  16:34  High Templar  
  136  16:35  High Templar x4  
  136  16:36  High Templar x3  
  150  16:40  Zealot x2  
  150  16:41  Zealot x2  
  150  16:44  Probe x2  
  160  16:56  Nexus  
  160  16:57  Pylon  
  98  17:59  Zealot  
  98  18:00  Zealot x5  
  98  18:01  Zealot x6  
Show
View Real Time Build Order
Export as new Build Order

ViBE Zerg - Winner!

Build Orders: Hatch First, Roach Hydra 

Get SALT Encoding   

  12  0:00  Drone  
  13  0:12  Overlord  
  13  0:18  Drone  
  14  0:30  Drone x2  
  16  0:49  Hatchery  
  15  0:51  Drone  
  15  0:55  Drone  
  17  1:02  Drone  
  18  1:15  Spawning Pool  
  18  1:16  Drone  
  18  1:19  Drone  
  19  1:28  Drone  
  19  1:31  Extractor  
  19  1:45  Drone  
  20  2:03  Queen  
  20  2:04  Queen  
  20  2:05  Overlord  
  24  2:08  Drone  
  24  2:09  Drone  
  26  2:20  Drone x2  
  28  2:29  Drone x2  
  30  2:33  Drone x2  
  32  2:43  Queen  
  34  2:44  Lair  
  34  2:51  Overlord  
  34  2:54  Drone  
  34  2:55  Drone  
  36  2:59  Overlord  
  36  3:12  Drone x2  
  38  3:16  Drone x6  
  44  3:21  Roach Warren  
  44  3:25  Evolution Chamber  
  44  3:26  Drone x2  
  44  3:31  Drone x2  
  46  3:35  Extractor  
  46  3:37  Extractor  
  44  3:48  Drone  
  44  3:49  Drone x5  
  50  4:01  Overlord x2, Glial Reconstitution  
  50  4:03  Zerg Missile Weapons Level 1  
  50  4:04  Queen  
  50  4:08  Hatchery  
  51  4:19  Overlord  
  51  4:20  Roach x4  
  59  4:27  Roach x2  
  59  4:28  Roach  
  65  4:31  Overlord  
  65  4:36  Overlord  
  65  4:48  Drone x4  
  69  4:53  Drone  
  70  5:04  Drone x2  
  72  5:10  Drone  
  72  5:11  Drone x5  
  78  5:16  Drone, Hydralisk Den  
  78  5:17  Drone, Evolution Chamber  
  78  5:25  Drone x2  
  80  5:33  Drone x2, Extractor  
  81  5:41  Extractor  
  80  5:43  Extractor  
  80  5:45  Grooved Spines, Zerg Ground Armor Level 1  
  80  5:48  Drone x2  
  80  5:49  Drone x7  
  88  5:51  Drone  
  88  5:55  Overlord x2  
  89  6:03  Roach  
  89  6:04  Roach x2  
  92  6:12  Overlord x2  
  92  6:13  Overlord  
  90  6:24  Hydralisk x9  
  102  6:37  Hydralisk x2  
  106  6:43  Hatchery  
  106  6:46  Hydralisk  
  106  6:47  Hydralisk  
  85  6:56  Hydralisk  
  85  6:57  Muscular Augments  
  64  7:06  Queen x2  
  52  7:12  Roach  
  52  7:13  Roach  
  44  7:16  Drone  
  44  7:17  Drone  
  44  7:25  Drone x2  
  40  7:35  Roach x2  
  38  7:40  Roach  
  38  7:41  Roach  
  42  7:52  Drone  
  42  7:53  Drone x3  
  46  8:02  Drone x3  
  49  8:07  Drone  
  49  8:08  Drone  
  51  8:15  Drone x4  
  55  8:21  Drone x3  
  55  8:22  Drone  
  59  8:30  Drone  
  59  8:31  Drone x2  
  62  8:42  Drone  
  62  8:43  Drone x7  
  62  8:45  Drone  
  71  9:02  Drone x6  
  77  9:09  Hydralisk x3  
  83  9:10  Hydralisk  
  85  9:23  Hatchery  
  84  9:26  Hydralisk x2  
  84  9:29  Hydralisk  
  90  9:37  Hydralisk x2  
  94  9:39  Hydralisk  
  96  9:48  Hydralisk x4  
  104  10:06  Queen  
  106  10:09  Zerg Ground Armor Level 2, Zerg Missile Weapons Level 2  
  106  10:11  Roach  
  106  10:12  Roach x3  
  114  10:15  Roach x2  
  114  10:17  Roach  
  114  10:20  Roach  
  122  10:22  Overseer x2  
  122  10:24  Overlord  
  122  10:42  Drone  
  122  10:43  Drone x13  
  122  10:45  Drone  
  122  10:48  Drone  
  137  11:13  Hydralisk x7  
  137  11:17  Extractor, Overlord x2  
  137  11:18  Extractor  
  149  11:28  Drone x4, Hatchery  
  152  11:36  Infestation Pit  
  151  11:40  Drone  
  151  11:41  Drone x3  
  155  11:48  Drone  
  155  11:49  Drone x7  
  155  11:50  Hydralisk  
  155  11:51  Hydralisk  
  167  11:55  Overlord x4  
  167  11:56  Overlord  
  167  11:57  Overlord  
  167  12:25  Queen  
  167  12:27  Hydralisk x10  
  167  12:28  Hydralisk x2  
  191  12:35  Hatchery  
  190  12:50  Hydralisk x4  
  190  12:51  Hydralisk  
  198  12:53  Hive  
  200  12:58  Lurker Den  
  181  13:27  Roach x12  
  123  13:28  Hydralisk x4, Roach x3  
  137  13:43  Drone x2  
  137  13:46  Hydralisk x9  
  157  13:52  Hydralisk x5  
  167  13:57  Overseer x2  
  167  14:08  Hydralisk x16  
  199  14:12  Zerg Missile Weapons Level 3  
  199  14:17  Zerg Ground Armor Level 3  
  199  14:38  Seismic Spines  
  185  15:10  Roach x4  
  185  15:11  Roach x10  
  185  15:12  Hydralisk x15, Roach  
  151  15:22  Hydralisk  
  151  15:23  Hydralisk x6  
  151  15:27  Overseer  
  165  15:35  Adaptive Talons  
  165  15:37  Hydralisk x6  
  165  15:38  Hydralisk x4  
  183  15:48  Lurker x3  
  179  15:53  Lurker  
  178  15:58  Roach  
  178  15:59  Roach x4  
  178  16:03  Drone x3  
  178  16:04  Drone x4  
  193  16:08  Extractor  
  193  16:09  Extractor  
  191  16:23  Hatchery  
  189  16:34  Hatchery  
  188  16:40  Drone  
  188  16:41  Drone  
  190  17:00  Queen  
  192  17:06  Roach x4  
  190  17:41  Drone x4  
  190  17:42  Drone x6  
  176  17:45  Roach  
  176  17:46  Roach x15  
Tags
 
Add a new tag
Caveats
  • Supply blocks, unpowered buildings, or Contaminate may cause inaccurate times.
  • Supply counts are checked every 10 seconds.